[Event "Uhlenkoeper-Open 2024"]
[Site "Uelzen"]
[Date "2024.12.28"]
[Round "4.9"]
[White "Martin, Dennis"]
[Black "Sviridov, Vitaliy"]
[Result "1-0"]
[ECO "E06"]
[WhiteElo "2005"]
[BlackElo "1777"]
[Annotator "RC"]
[PlyCount "155"]
[EventDate "2024.12.27"]
[EventType "swiss"]
[EventCountry "GER"]
[SourceTitle "playchess.com"]
[Source "ChessBase"]
[SourceQuality "1"]
[TimeControl "40/5400+30:1800+30"]

1. d4 d5 2. c4 e6 3. Nf3 Nf6 4. g3 Be7 5. Bg2 O-O 6. O-O b6 7. cxd5 exd5 8. Nc3 Be6 9. Ng5 h6 10. Nxe6 fxe6 11. Qb3 Nc6 12. Rd1 Bd6 13. e4 Na5 14. Qc2 dxe4 15. Nxe4 Rb8 16. Nxd6 cxd6 17. Re1 Qd7 18. b4 Nb7 19. Bh3 Rbe8 20. Qe2 Nd8 21. Bb2 Nd5 22. Qc4 Qf7 23. Re2 Qg6 24. Bg2 Nf6 25. Qc7 Rf7 26. Qxd6 Ref8 27. h3 Rd7 28. Qe5 Nd5 29. a3 Rf6 30. Rae1 Nc7 31. Qe3 Qf7 32. d5 Rg6 33. dxe6 Rxe6 34. Qf3 Qg6 35. Qb3 Kh8 36. Rxe6 Ndxe6 37. Qc3 h5 38. Qc6 Rf7 39. Be5 Qf5 40. Kh2 Nd8 41. Qc4 Nce6 42. f4 Rd7 43. Be4 Qf7 44. Bc3 Rc7 45. Qb3 Re7 46. Bd5 Qe8 47. Qb2 Qd7 48. Re5 h4 49. Rh5+ Kg8 50. Qc2 hxg3+ 51. Kxg3 Nf7 52. Qg6 Qc7 53. Be5 Qc1 54. Qe4 Qxa3+ 55. Kh4 Qc1 56. Bxe6 Rxe6 57. Qa8+ Nd8 58. Qxd8+ Kf7 59. Qc7+ Qxc7 60. Bxc7 Re4 61. Rf5+ Kg6 62. Rg5+ Kf6 63. Be5+ Ke6 64. b5 Ra4 65. Kg4 a5 66. bxa6 b5 67. Bxg7 b4 68. Bd4 b3 69. a7 Kf7 70. h4 b2 71. Bxb2 Ra2 72. h5 Ra6 73. h6 Ra2 74. h7 Rxb2 75. a8=Q Rg2+ 76. Kf5 Rf2 77. Qb7+ Kf8 78. Rg8# 1-0

[Event "Uhlenkoeper-Open 2024"]
[Site "Uelzen"]
[Date "2024.12.28"]
[Round "4.10"]
[White "Krueger, Daniel"]
[Black "Raddatz, Michael"]
[Result "1-0"]
[ECO "B22"]
[WhiteElo "1858"]
[BlackElo "1927"]
[Annotator "NA"]
[PlyCount "149"]
[EventDate "2024.12.27"]
[EventType "swiss"]
[EventCountry "GER"]
[SourceTitle "playchess.com"]
[Source "ChessBase"]
[SourceQuality "1"]
[TimeControl "40/5400+30:1800+30"]

1. e4 c5 2. Nf3 Nc6 3. c3 Nf6 4. e5 Nd5 5. d4 cxd4 6. cxd4 e6 7. Bd3 Qb6 8. Nbd2 Nxd4 9. Nc4 Nxf3+ 10. Qxf3 Qc7 11. Qg3 Nb4 12. O-O Nxd3 13. Qxd3 b6 14. Nd6+ Bxd6 15. exd6 Qc6 16. Bf4 Bb7 17. Qg3 O-O 18. Rac1 Qe4 19. Rc3 Rac8 20. Re3 Qg6 21. Qh3 Rc5 22. Rg3 Qh5 23. Bh6 Qxh3 24. gxh3 f5 25. Rxg7+ Kh8 26. Rg3 Rg8 27. Rc1 Rg6 28. Rxc5 bxc5 29. Be3 Kg7 30. Bxc5 a6 31. Bd4+ Kf7 32. f4 Rg8 33. Kf2 Bc6 34. Ke3 Bg2 35. Kd3 Bf1+ 36. Kd2 Rxg3 37. hxg3 Bxh3 38. Kc3 Bf1 39. Kb4 h5 40. Ka5 Ke8 41. Bf6 Kf7 42. Bh4 e5 43. fxe5 Ke6 44. Bf6 Bd3 45. Kb4 Kd5 46. Kc3 Bb1 47. b3 Be4 48. a4 Bf3 49. Kd2 Be4 50. b4 Bf3 51. b5 axb5 52. axb5 Bg2 53. Kc3 Ke6 54. Kd4 Bf1 55. b6 Ba6 56. Ke3 Bb7 57. Kf4 Bc6 58. Kg5 Bf3 59. Bh8 Bb7 60. Kxh5 Be4 61. Bf6 Kf7 62. Bg5 Bf3+ 63. Kh6 Be4 64. Bf4 $18 Bf3 65. Kg5 Be4 66. Be3 Ke6 67. Bd4 Kf7 68. Kf4 Bg2 69. Kxf5 Bd5 70. Kg5 Bc6 71. Kh6 Ke6 72. Kg7 Kd5 73. Kf6 Bb7 74. e6 Kxd6 75. e7 1-0

[Event "Uhlenkoeper-Open 2024"]
[Site "Uelzen"]
[Date "2024.12.29"]
[Round "5.1"]
[White "Stelmaszyk, Nico"]
[Black "Bagrationi, Alexander"]
[Result "0-1"]
[ECO "B22"]
[WhiteElo "2403"]
[BlackElo "2384"]
[Annotator "TA"]
[PlyCount "98"]
[EventDate "2024.12.27"]
[EventType "swiss"]
[EventCountry "GER"]
[SourceTitle "playchess.com"]
[Source "ChessBase"]
[SourceQuality "1"]
[TimeControl "40/5400+30:1800+30"]

1. e4 c5 2. c3 d5 3. exd5 Nf6 4. Bb5+ Nbd7 5. d4 a6 6. Be2 Nxd5 7. Nf3 e6 8. O-O Be7 9. c4 N5f6 10. Nc3 Qc7 {[%emt 0:02:03] Prevents Bf4.} 11. dxc5 Bxc5 12. a3 b6 13. b4 Bd6 14. h3 Bb7 15. Nd4 Rd8 16. f4 ({White should play} 16. Be3 $11) 16... O-O (16... Ne5 $1 $15 17. fxe5 Bxe5) 17. Ndb5 axb5 $17 18. Nxb5 Qc6 19. Bf3 Ne4 (19... Qxc4 20. Nxd6 Bxf3 21. Nxc4 $14 (21. Rxf3 Qc7 $11)) 20. Nxd6 Qxd6 21. Bxe4 Qxd1 22. Rxd1 (22. Bxh7+ $17 Kxh7 23. Rxd1) 22... Bxe4 $19 23. Be3 f5 24. Rd6 (24. a4) 24... Kf7 25. Rad1 Ke7 26. R6d2 Bc6 27. Rd3 (27. b5 $142 Be4 28. a4) 27... Ba4 28. R1d2 Rc8 29. b5 Rc7 30. Rd6 Rb8 31. Bd4 g6 (31... Kxd6 32. Bxb6+ Ke7 33. Bxc7 $17) 32. Bf2 Rbb7 33. Bh4+ {[%emt 0:00:45] [#]} Nf6 $1 34. Rd8 (34. Bxf6+ {was worth a try.} Kxf6 35. Re2) 34... Rxc4 35. Rh8 Kf7 (35... Bxb5 $2 {loses.} 36. Rxh7+ Ke8 37. Rxb7 $18) 36. Rdd8 Kg7 (36... Bxb5 37. Rdf8+ Kg7 38. Bxf6+ Kh6 39. Bg5+ Kh5 40. Rb8 $14) 37. Bg5 Rf7 {[%emt 0:01:43] Inhibits Rdf8.} ({Not} 37... Bxb5 38. Rdf8 $15) 38. Kf2 Bxb5 {[%emt 0:00:28] Strongly threatening ...Rc2+.} 39. Kg3 Bc6 40. Rc8 Bd5 41. Rb8 Rc3+ 42. Kf2 Rc2+ 43. Kg3 Rxg2+ 44. Kh4 Ra2 45. Kg3 Rxa3+ 46. Kh4 Ra2 (46... Bg2 $142 47. Rbg8+ Nxg8 48. Bh6+ Kxh8 49. Kg5 Rg3+ (49... Rxh3 50. Bg7+ Kxg7 $11) 50. Kh4 Rxh3+ 51. Kg5 Rh5#) 47. Rhd8 h6 48. Rh8 hxg5+ 49. Kxg5 Nh7+ 0-1

[Event "Uhlenkoeper-Open 2024"]
[Site "Uelzen"]
[Date "2024.12.29"]
[Round "5.2"]
[White "von Estorff, Jacob"]
[Black "Glek, Igor"]
[Result "1/2-1/2"]
[ECO "B34"]
[WhiteElo "2209"]
[BlackElo "2431"]
[Annotator "RC"]
[PlyCount "130"]
[EventDate "2024.12.27"]
[EventType "swiss"]
[EventCountry "GER"]
[SourceTitle "playchess.com"]
[Source "ChessBase"]
[SourceQuality "1"]
[TimeControl "40/5400+30:1800+30"]

1. e4 c5 2. Nf3 Nc6 3. d4 cxd4 4. Nxd4 g6 5. Nc3 Bg7 6. Be3 Nf6 7. Nxc6 dxc6 8. Qxd8+ Kxd8 9. O-O-O+ Ke8 10. Bd4 Be6 11. a4 a5 12. Be2 h5 13. f4 Kf8 14. Rhf1 Bg4 15. Rf2 Ne8 16. e5 Nc7 17. Bb6 Ne6 18. Rd7 Rb8 19. Bxg4 hxg4 20. g3 Ke8 21. Rfd2 Rxh2 22. Rxe7+ Kxe7 23. Rxh2 Ra8 24. Rh4 g5 25. Rxg4 gxf4 26. gxf4 f5 27. exf6+ Kxf6 28. Rh4 Kg6 29. Ne4 Bd4 30. Bxd4 Nxd4 31. c3 Re8 32. Ng5 Nb3+ 33. Kc2 Nc5 34. Nf3 Re2+ 35. Kb1 Nd3 36. Ne5+ Nxe5 37. fxe5 Rxe5 38. Rf4 b5 39. Kc2 Rd5 40. Kb3 Rd2 41. Ka3 Kg5 42. Rf8 Rd1 43. Kb3 bxa4+ 44. Kxa4 Ra1+ 45. Kb3 a4+ 46. Kc4 Rb1 47. Rf2 Ra1 48. Rf8 Rb1 49. Rb8 a3 50. Rg8+ Kf6 51. bxa3 Ke7 52. a4 Ra1 53. Kb4 Kd6 54. Rg6+ Kc7 55. Kc5 Rxa4 56. Rxc6+ Kb7 57. Rh6 Ra5+ 58. Kb4 Rg5 59. c4 Kc7 60. Rf6 Rh5 61. Ra6 Rg5 62. Ra1 Kb6 63. Rh1 Kc6 64. Rh6+ Kc7 65. c5 Rg1 1/2-1/2

[Event "Uhlenkoeper-Open 2024"]
[Site "Uelzen"]
[Date "2024.12.29"]
[Round "5.3"]
[White "Parvanyan, Ashot"]
[Black "Stopa, Jacek"]
[Result "1/2-1/2"]
[ECO "A49"]
[WhiteElo "2399"]
[BlackElo "2323"]
[Annotator "TA"]
[PlyCount "36"]
[EventDate "2024.12.27"]
[EventType "swiss"]
[EventCountry "GER"]
[SourceTitle "playchess.com"]
[Source "ChessBase"]
[SourceQuality "1"]
[TimeControl "40/5400+30:1800+30"]

1. Nf3 Nf6 2. c4 c6 3. d4 d5 4. g3 g6 5. Bg2 Bg7 6. O-O O-O 7. b3 dxc4 8. bxc4 c5 9. Bb2 cxd4 10. Nxd4 Qb6 11. Qc1 {[%emt 0:00:00] The position is equal.} Bd7 12. Nd2 Nc6 13. N2b3 Nxd4 14. Bxd4 Qc7 15. Qa3 Bc6 16. Bxc6 (16. Bxa7 $2 {too greedy.} Bxg2 17. Kxg2 b6 $19 (17... Qxc4 $2 18. Rac1 $19)) 16... bxc6 17. Rfd1 a5 18. Rab1 Rfb8 {[%emt 0:07:19] A rather calm draw.   Weighted Error Value: White=0.04 (flawless) /Black=0.01 (flawless) .  OK:         	White=1     	Black=2} 1/2-1/2

[Event "Uhlenkoeper-Open 2024"]
[Site "Uelzen"]
[Date "2024.12.29"]
[Round "5.4"]
[White "Bogomolow, Sergej"]
[Black "Buergener, Richard"]
[Result "1/2-1/2"]
[ECO "C90"]
[WhiteElo "2090"]
[BlackElo "1857"]
[Annotator "NA RC"]
[PlyCount "72"]
[EventDate "2024.12.27"]
[EventType "swiss"]
[EventCountry "GER"]
[SourceTitle "playchess.com"]
[Source "ChessBase"]
[SourceQuality "1"]
[TimeControl "40/5400+30:1800+30"]

1. e4 e5 2. Nf3 Nc6 3. Bb5 a6 4. Ba4 Nf6 5. O-O Be7 6. Re1 b5 7. Bb3 O-O 8. d3 d6 9. c3 Na5 10. Bc2 c5 11. Nbd2 Be6 12. Nf1 Nc6 13. Ng3 Qc7 14. a4 b4 15. Ng5 Bg4 16. f3 Bd7 17. f4 Qb6 18. h3 b3 19. Bb1 Rab8 20. Nf5 Qd8 21. Nf3 g6 22. Nh6+ Kg7 23. f5 Qc7 24. g4 Ng8 25. Qd2 Nxh6 26. Qxh6+ Kg8 27. Bg5 Qd8 28. Rf1 Be8 29. Bxe7 Qxe7 30. Ng5 f6 31. Ne6 Rf7 32. d4 cxd4 33. Bd3 dxc3 34. bxc3 Na5 35. Bxa6 Qa7+ 36. Kg2 Qxa6 1/2-1/2

[Event "Uhlenkoeper-Open 2024"]
[Site "Uelzen"]
[Date "2024.12.29"]
[Round "5.7"]
[White "Buecklers, Martin"]
[Black "Bargsten, Justus"]
[Result "0-1"]
[ECO "D02"]
[WhiteElo "1859"]
[BlackElo "2228"]
[Annotator "ChessBase"]
[PlyCount "64"]
[EventDate "2024.12.27"]
[EventType "swiss"]
[EventCountry "GER"]
[SourceTitle "playchess.com"]
[Source "ChessBase"]
[SourceQuality "1"]
[TimeControl "40/5400+30:1800+30"]

1. Nf3 d5 2. g3 Nc6 3. d4 Bf5 4. Bg2 Nb4 5. Na3 e6 6. c3 Nc6 7. b3 Be7 8. Bb2 h5 9. Nd2 Nf6 10. h4 Qd7 11. f3 e5 12. Nc2 exd4 13. cxd4 Bd6 14. f4 Qe6 15. a3 O-O-O 16. Nf1 Ng4 17. Bf3 Ne7 18. Qd2 Ng8 19. Nce3 N8f6 20. Nxf5 Qxf5 21. e3 Ne4 22. Qg2 Nef2 23. Bxg4 Nxg4 24. Kd2 Rde8 25. Re1 Rh6 26. Nh2 Nf6 27. Nf3 Ne4+ 28. Kc1 Bf8 29. Ng5 Rc6+ 30. Kd1 Nxg5 31. hxg5 Qd3+ 32. Qd2 Qxb3+ 0-1

[Event "Uhlenkoeper-Open 2024"]
[Site "Uelzen"]
[Date "2024.12.29"]
[Round "5.8"]
[White "Nyenhuis, Yannek"]
[Black "Weigand, Anton"]
[Result "1/2-1/2"]
[ECO "E19"]
[WhiteElo "1943"]
[BlackElo "2092"]
[Annotator "NA"]
[PlyCount "80"]
[EventDate "2024.12.27"]
[EventType "swiss"]
[EventCountry "GER"]
[SourceTitle "playchess.com"]
[Source "ChessBase"]
[SourceQuality "1"]
[TimeControl "40/5400+30:1800+30"]

1. d4 Nf6 2. c4 e6 3. Nf3 b6 4. g3 Bb7 5. Bg2 Be7 6. O-O O-O 7. Nc3 Ne4 8. Qc2 Nxc3 9. Qxc3 d6 10. b3 Nd7 11. Bb2 Be4 12. Rac1 f5 13. Rfd1 Qe8 14. Qe3 Qg6 15. Ne1 Bg5 16. f4 Bxg2 17. Kxg2 Be7 18. Nf3 Rae8 19. Qd3 Nf6 20. d5 Ne4 21. dxe6 Bf6 22. Bxf6 Qxf6 23. Nd4 Nc5 24. Qf3 Nxe6 25. Qd5 Kh8 26. Nxe6 Rxe6 27. Rd2 Rfe8 28. Re1 a5 29. Kf2 h6 30. e3 Re4 31. Rde2 Qe6 32. Qxe6 R8xe6 33. Rd2 Kg8 34. Rd4 Kf7 35. Rxe4 Rxe4 36. Kf3 g5 37. h3 Kf6 38. Rd1 Re8 39. Rd5 gxf4 40. Kxf4 Re4+ 1/2-1/2

[Event "Uhlenkoeper-Open 2024"]
[Site "Uelzen"]
[Date "2024.12.29"]
[Round "5.9"]
[White "Sayas Payyappat"]
[Black "Dehn, Marcus"]
[Result "0-1"]
[ECO "A05"]
[WhiteElo "1823"]
[BlackElo "2053"]
[Annotator "NA"]
[PlyCount "60"]
[EventDate "2024.12.27"]
[EventType "swiss"]
[EventCountry "GER"]
[SourceTitle "playchess.com"]
[Source "ChessBase"]
[SourceQuality "1"]
[TimeControl "40/5400+30:1800+30"]

1. b3 Nf6 2. Bb2 d6 3. Nf3 g6 4. e4 Bg7 5. Be2 O-O 6. d3 c5 7. O-O Nc6 8. Nbd2 Ne8 9. Bxg7 Nxg7 10. Nc4 b5 11. Ne3 Bb7 12. Qd2 Nd4 13. Rfe1 Nxe2+ 14. Rxe2 f5 15. Ng5 e6 16. Nh3 f4 17. Nf1 f3 18. gxf3 Qh4 19. Kg2 Qf6 20. Re3 Qxa1 21. c3 b4 22. d4 Rac8 23. Rd3 Rf7 24. dxc5 bxc3 25. Qh6 c2 26. Ng5 c1=Q 27. Ng3 Qxg5 28. Qxg5 Qf6 29. Qxf6 Rxf6 30. cxd6 e5 0-1

[Event "Uhlenkoeper-Open 2024"]
[Site "Uelzen"]
[Date "2024.12.29"]
[Round "5.10"]
[White "Wilk, Clemens"]
[Black "Koenig, Felix"]
[Result "1-0"]
[ECO "E57"]
[WhiteElo "1869"]
[BlackElo "1715"]
[Annotator "NA"]
[PlyCount "83"]
[EventDate "2024.12.27"]
[EventType "swiss"]
[EventCountry "GER"]
[SourceTitle "playchess.com"]
[Source "ChessBase"]
[SourceQuality "1"]
[TimeControl "40/5400+30:1800+30"]

1. d4 d5 2. c4 e6 3. Nc3 c5 4. e3 Nf6 5. Nf3 Nc6 6. a3 dxc4 7. Bxc4 cxd4 8. exd4 Be7 9. O-O O-O 10. Qd3 a6 11. Bg5 b5 12. Ba2 Bb7 13. Rad1 Rc8 14. Bb1 g6 15. Ne5 Nxe5 16. dxe5 Qxd3 17. Rxd3 Nd5 18. Bxe7 Nxe7 19. Rd7 Bc6 20. Rxe7 Rfd8 21. f3 Bd7 22. Rd1 Rc7 23. Kf2 Kf8 24. Rexd7 Rcxd7 25. Rxd7 Rxd7 26. Ke3 Ke7 27. Bd3 f6 28. exf6+ Kxf6 29. Ne4+ Ke7 30. Nc5 Rd6 31. h4 Kf7 32. Ke4 Kf6 33. g4 Rc6 34. b4 Rd6 35. Ke3 Ke7 36. Bc2 Rc6 37. Bb3 Kd6 38. Kd4 a5 39. Bxe6 Rxc5 40. bxc5+ Kxe6 41. f4 h6 42. h5 1-0

[Event "Uhlenkoeper-Open 2024"]
[Site "Uelzen"]
[Date "2024.12.29"]
[Round "6.1"]
[White "Bagrationi, Alexander"]
[Black "von Estorff, Jacob"]
[Result "1/2-1/2"]
[ECO "E16"]
[WhiteElo "2384"]
[BlackElo "2209"]
[Annotator "TA"]
[PlyCount "86"]
[EventDate "2024.12.27"]
[EventType "swiss"]
[EventCountry "GER"]
[SourceTitle "playchess.com"]
[Source "ChessBase"]
[SourceQuality "1"]
[TimeControl "40/5400+30:1800+30"]

1. d4 d5 2. c4 e6 3. Nf3 Nf6 4. g3 b6 5. Bg2 Bb7 6. O-O Nbd7 7. Qa4 Bd6 8. Ne5 O-O 9. Bf4 Bxe5 10. dxe5 Nh5 11. Rd1 Nxf4 12. gxf4 c6 13. Nc3 Qh4 14. cxd5 exd5 15. e3 ({Wrong is} 15. Nxd5 $2 Nc5 16. Qa3 cxd5 $19) 15... Nc5 16. Qc2 a5 17. Ne2 f6 {[%emt 0:02:11] Threatens to win with ...fxe5.} 18. Nd4 Rae8 19. e6 f5 20. Nxf5 Qf6 21. Ng3 Rxe6 22. Rab1 a4 23. b4 axb3 24. axb3 Rd6 25. b4 $36 {[%emt 0:01:06][%mdl 2048] White has some pressure.} Ne6 26. Ra1 Rdd8 (26... Rd7 $14) 27. Ra7 $16 Rf7 {[%emt 0:00:25] [#]} 28. f5 $1 Nf8 {[%emt 0:01:22] [#]} 29. b5 $1 Qd6 (29... cxb5 30. Rxb7) 30. bxc6 Qxc6 31. Qb2 Rd6 (31... Rfd7 $16 32. h4 Rf7) 32. Rc1 Qe8 33. Qa3 {[%emt 0:02:38] White is much more active.} Qb8 34. Bf1 (34. Rd1 $16) 34... g6 (34... Rd8 $14) 35. Bd3 (35. e4 $16 {and e5 should not be overlooked} Rdd7 36. Rd1 (36. Bb5 Bc6 $16)) 35... gxf5 $11 36. Bxf5 Rdf6 $1 37. e4 dxe4 38. Bxe4 Bxe4 39. Rxf7 Rxf7 40. Nxe4 Qf4 41. Qe3 Qxe3 42. fxe3 Rb7 43. Kf2 Kg7 1/2-1/2

[Event "Uhlenkoeper-Open 2024"]
[Site "Uelzen"]
[Date "2024.12.29"]
[Round "6.3"]
[White "Stopa, Jacek"]
[Black "Askerov, Imamali"]
[Result "1-0"]
[ECO "E47"]
[WhiteElo "2323"]
[BlackElo "2007"]
[Annotator "RC"]
[PlyCount "57"]
[EventDate "2024.12.27"]
[EventType "swiss"]
[EventCountry "GER"]
[SourceTitle "playchess.com"]
[Source "ChessBase"]
[SourceQuality "1"]
[TimeControl "40/5400+30:1800+30"]

1. d4 Nf6 2. c4 e6 3. Nc3 Bb4 4. e3 O-O 5. Bd3 d5 6. cxd5 exd5 7. Nge2 b6 8. O-O Bb7 9. a3 Bxc3 10. bxc3 Nbd7 11. f3 Re8 12. Ra2 c5 13. Ng3 Nf8 14. Re2 Qd7 15. Qe1 Bc6 16. Nf5 Ng6 17. e4 Nh5 18. g3 dxe4 19. fxe4 cxd4 20. cxd4 Ne5 21. dxe5 Qxd3 22. Re3 Qb5 23. g4 Qxe5 24. gxh5 Bxe4 25. Ng3 Qc5 26. Qf2 Bd5 27. h6 g6 28. Qf6 Qf8 29. Bb2 1-0

[Event "Uhlenkoeper-Open 2024"]
[Site "Uelzen"]
[Date "2024.12.29"]
[Round "6.4"]
[White "Martin, Dennis"]
[Black "Bargsten, Justus"]
[Result "0-1"]
[ECO "E08"]
[WhiteElo "2005"]
[BlackElo "2228"]
[Annotator "RC"]
[PlyCount "108"]
[EventDate "2024.12.27"]
[EventType "swiss"]
[EventCountry "GER"]
[SourceTitle "playchess.com"]
[Source "ChessBase"]
[SourceQuality "1"]
[TimeControl "40/5400+30:1800+30"]

1. d4 d5 2. c4 e6 3. Nf3 Nf6 4. g3 Bb4+ 5. Bd2 Be7 6. Qc2 O-O 7. Bg2 c6 8. O-O Nbd7 9. Bf4 a5 10. Rd1 a4 11. Ne5 Qa5 12. Nd2 Nxe5 13. dxe5 Nd7 14. Nf3 Qc5 15. Rac1 Qxc4 16. Qxc4 dxc4 17. Rxc4 Ra5 18. Rcd4 Nb6 19. e4 c5 20. R4d3 c4 21. R3d2 a3 22. Be3 axb2 23. Rxb2 Na4 24. Rc2 b5 25. Nd4 Rd8 26. Rb1 Bd7 27. Bd2 c3 28. Bxc3 Nxc3 29. Rxc3 b4 30. Rc7 Rxa2 31. Nb3 Kf8 32. Bf1 Be8 33. Kg2 Rb8 34. Bd3 Bd8 35. Rc2 Rxc2 36. Bxc2 Rc8 37. Rb2 Bb6 38. Kf3 Bc7 39. Kf4 f6 40. Ke3 Bxe5 41. Ra2 g5 42. Kd2 Bb5 43. Ra5 Bc3+ 44. Kc1 Bc4 45. Rc5 Rxc5 46. Nxc5 Bd4 47. Nd3 Bxd3 48. Bxd3 Bxf2 49. g4 Ke7 50. Kc2 Kd6 51. Kb3 Kc5 52. Bc4 e5 53. Bg8 h6 54. Bh7 Be1 0-1

[Event "Uhlenkoeper-Open 2024"]
[Site "Uelzen"]
[Date "2024.12.29"]
[Round "6.5"]
[White "Dehn, Marcus"]
[Black "Stelmaszyk, Nico"]
[Result "0-1"]
[ECO "D00"]
[WhiteElo "2053"]
[BlackElo "2403"]
[Annotator "TA"]
[PlyCount "72"]
[EventDate "2024.12.27"]
[EventType "swiss"]
[EventCountry "GER"]
[SourceTitle "playchess.com"]
[Source "ChessBase"]
[SourceQuality "1"]
[TimeControl "40/5400+30:1800+30"]

1. d4 d5 2. g3 Nf6 3. Bg2 Bf5 4. c3 c6 5. Qb3 Qb6 6. Nd2 e6 7. Ngf3 h6 8. O-O Nbd7 9. a4 Bd6 10. a5 Qc7 11. Re1 O-O 12. Nh4 Bh7 13. e4 dxe4 14. Nxe4 Nxe4 15. Bxe4 Bxe4 16. Rxe4 c5 17. Qc4 Nf6 18. Re2 Rfd8 19. dxc5 Bxc5 20. Be3 Rac8 21. Qxc5 Qxc5 22. Bxc5 Rxc5 23. Ra3 Rd1+ 24. Kg2 g5 25. Nf3 g4 26. Nd4 e5 {[%emt 0:06:11] [#]} (26... h5 $11) 27. Nf5 (27. b4 $1 $16 Rd5 28. Nf5) 27... e4 $1 $36 {[%emt 0:05:13][%mdl 2048] Black has some pressure.} 28. Nxh6+ (28. Ne3 $11 {keeps the balance.} Rd3 29. h3) 28... Kg7 $17 29. Nxg4 $1 Nxg4 30. Rxe4 Nf6 31. Re2 Rb5 32. Rc2 ({White should play} 32. a6 $15) 32... Rb1 {[%emt 0:03:03] Black has more active pieces.} 33. Ra2 Nd7 (33... a6 $17 34. h4 Rd1) 34. c4 (34. b4 $15) 34... Rc5 35. Ra4 Ne5 36. Rb4 $2 (36. a6 b5 37. Ra3) 36... Nd3 ({Less strong is} 36... Rxa5 37. Rxb7 Nd3 38. Re2 $17) 0-1

[Event "Uhlenkoeper-Open 2024"]
[Site "Uelzen"]
[Date "2024.12.29"]
[Round "6.6"]
[White "Bogomolow, Sergej"]
[Black "Wilk, Clemens"]
[Result "1-0"]
[ECO "C42"]
[WhiteElo "2090"]
[BlackElo "1869"]
[Annotator "NA RC"]
[PlyCount "45"]
[EventDate "2024.12.27"]
[EventType "swiss"]
[EventCountry "GER"]
[SourceTitle "playchess.com"]
[Source "ChessBase"]
[SourceQuality "1"]
[TimeControl "40/5400+30:1800+30"]

1. e4 e5 2. Nf3 Nf6 3. Nxe5 d6 4. Nf3 Nxe4 5. d4 d5 6. Bd3 Bd6 7. O-O O-O 8. c4 c6 9. Nc3 Nxc3 10. bxc3 dxc4 11. Bxc4 Bf5 12. Bg5 Qa5 13. Qd2 Nd7 14. Bf4 Qc7 15. Bg3 Nf6 16. Bxd6 Qxd6 17. Ne5 Nd7 18. Rfe1 Rae8 19. Nxf7 Rxe1+ 20. Qxe1 Qf6 21. Nh6+ Kh8 22. Nxf5 Nb6 23. Ne3 1-0

[Event "Uhlenkoeper-Open 2024"]
[Site "Uelzen"]
[Date "2024.12.29"]
[Round "6.7"]
[White "Buergener, Richard"]
[Black "Raddatz, Michael"]
[Result "1-0"]
[ECO "B22"]
[WhiteElo "1857"]
[BlackElo "1927"]
[Annotator "RC"]
[PlyCount "57"]
[EventDate "2024.12.27"]
[EventType "swiss"]
[EventCountry "GER"]
[SourceTitle "playchess.com"]
[Source "ChessBase"]
[SourceQuality "1"]
[TimeControl "40/5400+30:1800+30"]

1. e4 c5 2. c3 Nf6 3. e5 Nd5 4. d4 cxd4 5. cxd4 e6 6. Nf3 Nc6 7. Nc3 Nxc3 8. bxc3 d6 9. Bd3 dxe5 10. dxe5 Qa5 11. Qb3 Nxe5 12. Nxe5 Qxe5+ 13. Be3 Bd7 14. Qxb7 Qxc3+ 15. Ke2 Bc6 16. Qa6 Qb2+ 17. Bd2 Qe5+ 18. Be3 Qb2+ 19. Bd2 Qb6 20. Rhc1 Qxa6 21. Bxa6 Bd5 22. Bb5+ Ke7 23. Rc7+ Kf6 24. Bc3+ e5 25. f4 Bd6 26. Rd7 Ke6 27. f5+ Kxf5 28. Rxd6 Bxg2 29. Bd7+ 1-0

[Event "Uhlenkoeper-Open 2024"]
[Site "Uelzen"]
[Date "2024.12.29"]
[Round "6.8"]
[White "Weigand, Anton"]
[Black "Henschen, Patrick"]
[Result "1-0"]
[ECO "B01"]
[WhiteElo "2092"]
[BlackElo "1825"]
[Annotator "RC"]
[PlyCount "41"]
[EventDate "2024.12.27"]
[EventType "swiss"]
[EventCountry "GER"]
[SourceTitle "playchess.com"]
[Source "ChessBase"]
[SourceQuality "1"]
[TimeControl "40/5400+30:1800+30"]

1. e4 d5 2. exd5 Qxd5 3. Nc3 Qd6 4. d4 Nf6 5. h3 c6 6. Nf3 Nbd7 7. Bd3 e5 8. dxe5 Nxe5 9. Qe2 Nfd7 10. Bf4 f6 11. O-O-O Qb4 12. g3 Be7 13. Nxe5 fxe5 14. Qh5+ Kf8 15. Bxe5 Nxe5 16. Qxe5 Bf6 17. Qe3 Bxc3 18. bxc3 Qxc3 19. Rde1 Qa3+ 20. Kd1 g6 21. Qe5 1-0

[Event "Uhlenkoeper-Open 2024"]
[Site "Uelzen"]
[Date "2024.12.29"]
[Round "6.9"]
[White "Carmesin, Leon Lucas Finn"]
[Black "Nyenhuis, Yannek"]
[Result "1/2-1/2"]
[ECO "B30"]
[WhiteElo "2081"]
[BlackElo "1943"]
[Annotator "NA RC"]
[PlyCount "26"]
[EventDate "2024.12.27"]
[EventType "swiss"]
[EventCountry "GER"]
[SourceTitle "playchess.com"]
[Source "ChessBase"]
[SourceQuality "1"]
[TimeControl "40/5400+30:1800+30"]

1. e4 c5 2. Nf3 Nc6 3. b3 Nf6 4. Nc3 e5 5. Bc4 Be7 6. Bb2 d6 7. Qe2 O-O 8. a3 a6 9. Nd5 b5 10. Nxf6+ Bxf6 11. Bd5 Qb6 12. O-O Rb8 13. Bxc6 Qxc6 1/2-1/2

[Event "Uhlenkoeper-Open 2024"]
[Site "Uelzen"]
[Date "2024.12.29"]
[Round "6.10"]
[White "Harms, Friedjof"]
[Black "Tarasenko, Nazar"]
[Result "0-1"]
[ECO "B93"]
[WhiteElo "1884"]
[BlackElo "2011"]
[Annotator "NA RC"]
[PlyCount "88"]
[EventDate "2024.12.27"]
[EventType "swiss"]
[EventCountry "GER"]
[SourceTitle "playchess.com"]
[Source "ChessBase"]
[SourceQuality "1"]
[TimeControl "40/5400+30:1800+30"]

1. e4 c5 2. Nc3 d6 3. f4 a6 4. Nf3 g6 5. d4 cxd4 6. Nxd4 Bg7 7. Be3 Nf6 8. Be2 Nbd7 9. O-O O-O 10. a4 Qc7 11. Qd2 b6 12. Bf3 Bb7 13. Nb3 Rac8 14. Rac1 Nc5 15. Nxc5 bxc5 16. Rfd1 Rfd8 17. b3 e6 18. Qe1 Qa5 19. Bd2 Qb6 20. Qf2 Ng4 21. Bxg4 Bd4 22. Be3 Bxc3 23. f5 Bxe4 24. fxe6 f5 25. Bf3 Qc6 26. Bxe4 Qxe4 27. Bg5 Re8 28. Rxd6 Bd4 29. Rxd4 cxd4 30. e7 Kf7 31. Qd2 h6 32. Bxh6 Rxe7 33. Bg5 Rec7 34. Re1 Rxc2 35. Rxe4 Rxd2 36. Re7+ Kf8 37. h4 Rcc2 38. Ra7 Rxg2+ 39. Kf1 Rcf2+ 40. Ke1 Ra2 41. Kf1 Rh2 42. Kg1 Rhb2 43. Ra8+ Kf7 44. Ra7+ Ke6 0-1

[Event "Uhlenkoeper-Open 2024"]
[Site "Uelzen"]
[Date "2024.12.30"]
[Round "7.1"]
[White "Stopa, Jacek"]
[Black "Bagrationi, Alexander"]
[Result "1/2-1/2"]
[ECO "E94"]
[WhiteElo "2323"]
[BlackElo "2384"]
[Annotator "RC"]
[PlyCount "60"]
[EventDate "2024.12.27"]
[EventType "swiss"]
[EventCountry "GER"]
[SourceTitle "playchess.com"]
[Source "ChessBase"]
[SourceQuality "1"]
[TimeControl "40/5400+30:1800+30"]

1. d4 Nf6 2. c4 g6 3. Nc3 Bg7 4. e4 O-O 5. Nf3 d6 6. Be2 Nbd7 7. O-O e5 8. Qc2 exd4 9. Nxd4 Nc5 10. Be3 a5 11. f3 Qe7 12. Rfe1 c6 13. Bf1 a4 14. Rab1 Nfd7 15. b4 axb3 16. axb3 Ne5 17. b4 Ne6 18. Nce2 c5 19. bxc5 dxc5 20. Nxe6 Bxe6 21. Nf4 Ra3 22. Rb3 Rfa8 23. Rxa3 Rxa3 24. Nxe6 fxe6 25. Kh1 Nc6 26. Bc1 Ra1 27. f4 Bd4 28. e5 Qd8 29. Bd2 Ra3 30. g3 Qb6 1/2-1/2